 Dungeon Crawl Stone Soup version 0.31-a0-466-g98c9adc2b6 (webtiles) character file.

Game seed: 9951782123445085539

132 Lorrdernie the Slasher (level 4, 0/37 HPs)
             Began as a Minotaur Gladiator on Aug 6, 2023.
             Killed from afar by an orc wizard (6 damage)
             ... with a magic dart
             ... on level 3 of the Dungeon.
             The game lasted 00:02:57 (2247 turns).

Lorrdernie the Slasher (Minotaur Gladiator)         Turns: 2247, Time: 00:02:57

Health: 0/37       AC:  5    Str: 18    XL:     4   Next: 92%
Magic:  12/12      EV: 11    Int:  7    God:
Gold:   85         SH:  0    Dex: 12    Spells: 3/3 levels left

rFire   . . .        a - +0 long sword
rCold   . . .        (no shield)
rNeg    . . .        o - +0 ring mail
rPois   .            c - melded +0 hat
rElec   .            (cloak currently unavailable)
rCorr   .            (gloves currently unavailable)
SInv    .            (boots currently unavailable)
Will    .....        (no amulet)
Stlth   +            h - ring of magical power
HPRegen 0.26/turn    (no ring)
MPRegen 0.13/turn

%: no passive effects
@: beast-form
A: beast (slay +0), horns 2, retaliatory headbutt
a: Begin Untransformation


You were on level 3 of the Dungeon.
You were a hulking beast.
You visited 1 branch of the dungeon, and saw 3 of its levels.

You collected 85 gold pieces.

Inventory:

Hand Weapons
 a - a +0 long sword (weapon)
Missiles
 d - 3 throwing nets (quivered)
 e - a javelin
Armour
 b - a +0 leather armour
 c - a +0 hat (melded)
 o - a +0 ring mail (worn)
Jewellery
 h - a ring of magical power (left hand)
Talismans
 g - a beast talisman (active)
Scrolls
 i - 2 scrolls of teleportation {unknown}
 j - a scroll of revelation {unknown}
 k - 3 scrolls of fear {unknown}
 m - 2 scrolls of identify {unknown}
 p - a scroll of blinking {unknown}
Potions
 f - 2 potions of curing
 l - 2 potions of heal wounds {unknown}
 n - a potion of haste {unknown}


   Skills:
 - Level 2.4 Fighting
 + Level 6.9 Long Blades
 - Level 2.0 Throwing
 - Level 3.2 Dodging


You had 3 spell levels left.
You didn't know any spells.
Your spell library was empty.

Dungeon Overview and Level Annotations

Branches:
Dungeon (3/15)

Altars:


Innate Abilities, Weirdness & Mutations

You are a hulking beast.
Your limbs bulge with bestial killing power. (Slay +0)
You have a pair of horns on your head.
You reflexively headbutt those who attack you in melee.


Message History

The orc priest is severely wounded.
The orc priest hits you with a +0 mace. The orc priest closely misses you.
You barely miss the orc priest.
The orc priest is severely wounded.
The orc priest hits you with a +0 mace.
You slash the orc priest!
You kill the orc priest!
You hit something. Something hits you.
You barely miss something. Something hits you but does no damage.
You closely miss something. Something hits you.
You barely miss something. Something hits you but does no damage.
You closely miss something.
You hear some strange, mumbled words.
Something tries to affect you, but you resist.
You miss something.
You hear some strange, mumbled words.
A puff of flame appears from out of thin air!
The puff of flame hits you.
You closely miss something. Something hits you.
You closely miss something.
You hear some strange, mumbled words.
Something tries to affect you, but you resist.
You barely miss something. Something hits you but does no damage.
You barely miss something. Your headbutt misses something.
Something hits you but does no damage.
You hear some strange, mumbled words.
A puff of flame appears from out of thin air!
The puff of flame hits you!
* * * LOW HITPOINT WARNING * * *
You hit something. Something hits you.
* * * LOW HITPOINT WARNING * * *
You hit something. Your punch misses something.
Something hits you but does no damage.
You closely miss something. Something hits you.
* * * LOW HITPOINT WARNING * * *
You hit something.
You hear some strange, mumbled words.
A magic dart appears from out of thin air!
The magic dart hits you.
You die...

##..>....#.##.#.##.#
#.#####.#.........#
#.# #.#####..####
#)# #........# #.#
########.# #.#####.#
#.# #....)..# #.#
#######.# #.# #h#
#.# #{# #.# #.# #.#
#.# #.# #.# #.# #.#
#.#


There were no monsters in sight!

Vanquished Creatures
  An orc priest (D:3)
  3 adders
  A worm (D:2)
  2 dart slugs
  3 orcs (D:3)
  6 ball pythons
  4 bats
  5 endoplasms
  7 goblins
  8 hobgoblins
  5 jackals
  2 quokkas
  4 frilled lizards
  4 kobolds
  8 rats
63 creatures vanquished.

Notes
Turn   | Place    | Note
-------+----------+-------------------------------------------
     0 | D:1      | Lorrdernie the Minotaur Gladiator began the quest for the
                  | Orb.
     0 | D:1      | Reached XP level 1. HP: 18/18 MP: 0/0
    51 | D:1      | Reached skill level 4 in Long Blades
   143 | D:1      | Found a faded altar of an unknown god.
   168 | D:1      | Reached XP level 2. HP: 24/25 MP: 1/1
   611 | D:1      | Reached skill level 5 in Long Blades
   892 | D:2      | Reached XP level 3. HP: 30/30 MP: 2/2
  1655 | D:3      | Reached skill level 6 in Long Blades
  1655 | D:3      | Reached XP level 4. HP: 5/37 MP: 3/3
  1893 | D:3      | Identified the +8 mace "Bimid" {flame, +Blink Dex+4}
  2247 | D:3      | Killed from afar by an orc wizard

Illustrated notes

Levels and vault maps discovered:
D:1:      denvon_arrival_waterhouse, layout_basic,
          chequers_ecumenical_altar_simple_redux
D:2:      layout_basic, st_stairs_5, kennysheep_generic_room_5
D:3:      kennysheep_big_flooded_room, layout_basic

Skill      XL: |  1  2  3 |
---------------+----------+-----
Long Blades    | 4 5 6 |  6.9
Fighting       | |  2.4
Throwing       | |  2.0
Dodging        | |  3.2

Action                     |  1- 3 |  4- 6 || total
---------------------------+-------+-------++-------
  Melee: Long sword        |    96 |    60 ||   156
         Headbutt          |     8 |     4 ||    12
         Punch             |       |     1 ||     1
    Use: Potion            |       |     1 ||     1
 Armour: Leather armour    |    29 |     5 ||    34
         Ring mail         |       |     9 ||     9
  Dodge: Dodged            |    67 |    24 ||    91
   Form: Beast             |     1 |       ||     1

Table legend: (Time is in decaauts)
 A = Elapsed time spent in this place.
 B = Non-inter-level travel time spent in this place.
 C = Inter-level travel time spent in this place.
 D = Time resting spent in this place.
 E = Time spent auto-exploring this place.
 F = Levels seen in this place.
 G = Mean time per level.
                   A        B        C        D        E       F      G
               +--------+--------+--------+--------+--------+-----+--------+
         Total |   2268 |   2222 |     46 |    199 |   1576 |   3 |  756.0 |
       Dungeon |   2268 |   2222 |     46 |    199 |   1576 |   3 |  756.0 |
               +--------+--------+--------+--------+--------+-----+--------+

Top non-repeatable levels by time:
     D:1: 894 daAuts
     D:3: 693 daAuts
     D:2: 681 daAuts
